 Dungeon Crawl Stone Soup version 0.31-a0-210-gccc998df9b (webtiles) character file.

Game seed: 475556520787208635

154 qw the Chopper (level 5, -4/32 HPs)
             Began as a Gargoyle Fighter on June 29, 2023.
             Slain by Edmund
             ... wielding a +2 flail of protection
              (6 damage)
             ... on level 4 of the Dungeon.
             The game lasted 00:01:16 (2903 turns).

qw the Chopper (Gargoyle Fighter)                   Turns: 2903, Time: 00:01:17

Health: -4/32      AC: 17    Str: 22    XL:     5   Next: 36%
Magic:  5/5        EV: 11    Int:  8    God:
Gold:   191        SH:  4    Dex:  9    Spells: 4/4 levels left

rFire   . . .        Y - +0 war axe
rCold   . . .        c - +0 buckler
rNeg    + . .        i - +0 plate armour
rPois   inf          (no helmet)
rElec   +            (no cloak)
rCorr   .            g - +1 pair of gloves
SInv    .            (no boots)
Will    .....        (no amulet) Stlth
                     l - +5 ring of evasion
HPRegen 0.25/turn    (no ring)
MPRegen 0.09/turn

%: no passive effects
@: no status effects
A: sickness immunity, AC +4, negative energy resistance 1, electricity
resistance, torment resistance 1, petrification resistance
a: no special abilities


You were on level 4 of the Dungeon.
You visited 1 branch of the dungeon, and saw 4 of its levels.

You collected 191 gold pieces.


Innate Abilities, Weirdness & Mutations

You are immune to sickness and miasma.
Your stone body is resilient. (AC +4)
You are immune to poison.
You resist negative energy. (rN+)
You are resistant to electric shocks. (rElec)
You are resistant to unholy torment.
You are immune to petrification.


   Skills:
 - Level 3.2 Fighting
 + Level 4.9 Axes
 - Level 3.2 Armour
 - Level 3.2 Shields


You had 4 spell levels left.
You didn't know any spells.
Your spell library was empty.

Inventory:

Hand Weapons
 a - a +0 mace
 Y - a +0 war axe (weapon)
Armour
 c - a +0 buckler (worn)
 e - a +1 helmet
 g - a +1 pair of gloves (worn)
 i - a +0 plate armour (worn)
Jewellery
 l - a +5 ring of evasion (left hand)
Scrolls
 b - a scroll of noise {unknown}
 j - a scroll of identify
 n - a scroll of fog {unknown}
Potions
 d - 2 potions of might
 f - 2 potions of curing
 h - a potion of haste {unknown}
 k - a potion of lignification
 m - 2 potions of degeneration {unknown}

Dungeon Overview and Level Annotations

Branches:
Dungeon (4/15)
 Temple: D:4-7

Altars:
Sif Muna
Vehumet

Annotations:
D:4 Edmund


Message History

Edmund says, "You wouldn't believe how much I paid for this flail."
Edmund hits you with a +2 flail of protection!
You closely miss Edmund.
Edmund is moderately wounded.
Edmund hits you with a +2 flail of protection.
You closely miss Edmund.
Edmund is moderately wounded.
You block Edmund's attack.
You hit Edmund.
Edmund is heavily wounded.
You block Edmund's attack. Edmund misses you.
You barely miss Edmund.
Edmund is heavily wounded.
You block Edmund's attack.
You hit Edmund.
Edmund is heavily wounded.
Edmund hits you with a +2 flail of protection!
You hit Edmund.
Edmund is severely wounded.
Edmund drinks a potion.
Edmund is healed!
You hit Edmund.
Edmund is lightly wounded.
Edmund hits you but does no damage.
Edmund hits you with a +2 flail of protection.
You barely miss Edmund.
Edmund is lightly wounded.
Edmund closely misses you.
You hit Edmund but do no damage.
Edmund is lightly wounded.
Edmund closely misses you.
You hit Edmund.
Edmund is lightly wounded.
Edmund closely misses you.
You closely miss Edmund.
Edmund is lightly wounded.
Edmund hits you but does no damage. x2
You barely miss Edmund.
Edmund is lightly wounded.
Edmund hits you with a +2 flail of protection.
You die...

####....# #.. #......
... #.###.# #.# #.# #.#
#.##+# #.# #.#
#.##.##.#######.# #..
#...............# ##.
#..#.##.#######.####.
#..@@#...###.......#.
......##.....##.##......
#.##. ##...###.##.##.#.
# ##.## #.##.##.#. ###
#.##...... #.#####.##
#.#####.# #.......#
#########


You could see Edmund.

Vanquished Creatures
  A hound (D:4)
  An iguana (D:4)
  3 adders
  A worm (D:2)
  A dart slug (D:1)
  5 orcs (D:4)
  10 endoplasms
  4 giant cockroaches
  7 goblins
  4 hobgoblins
  2 quokkas
  6 ball pythons
  4 bats
  3 frilled lizards
  2 kobolds (D:2)
  5 rats
59 creatures vanquished.

Notes
Turn   | Place    | Note
-------+----------+-------------------------------------------
     0 | D:1      | qw the Gargoyle Fighter began the quest for the Orb.
     0 | D:1      | Reached XP level 1. HP: 14/14 MP: 1/1
     0 | D:1      | 0 ||| qw: Version: 0.3-a-24-ga2abf7b
     0 | D:1      | 0 ||| qw: Game counter: 6859
     0 | D:1      | 0 ||| qw: Melee chars always use a shield: true
     0 | D:1      | 0 ||| qw: God list: Okawaru
     0 | D:1      | 0 ||| qw: Allow faded altars: false
     0 | D:1      | 0 ||| qw: Do Orc after clearing Dungeon:15 true
     0 | D:1      | 0 ||| qw: Do second Lair branch before Depths: true
     0 | D:1      | 0 ||| qw: Lair rune preference: random
     0 | D:1      | 0 ||| qw: Goals: Normal, Zot:1-4, Slime:5, God:TSO, Crypt,
                  | Tomb, Abyss, Pan, Hells, Win
     0 | D:1      | 0 ||| PLANNING D:1-11
    35 | D:1      | Reached skill level 2 in Axes
    77 | D:1      | 77 ||| Stepping ~*~*~tactically~*~*~ (water).
    93 | D:1      | Reached XP level 2. HP: 19/19 MP: 2/2
   452 | D:1      | 452 ||| Stepping ~*~*~tactically~*~*~ (hiding).
   579 | D:1      | Reached skill level 3 in Axes
   641 | D:1      | Reached XP level 3. HP: 23/23 MP: 3/3
   808 | D:1      | 808 ||| UPGRADING to +0 pair of gloves.
   813 | D:1      | 813 ||| UPGRADING to +0 plate armour.
   823 | D:1      | 823 ||| DROPPING +0 scale mail.
   824 | D:1      | 824 ||| READING scroll labelled WYUNENL FITTI.
   825 | D:1      | 825 ||| READING 2 scrolls labelled JINUTW MYERU.
   826 | D:1      | 826 ||| READING scroll of enchant armour.
   826 | D:1      | 826 ||| ENCHANTING +0 pair of gloves.
   827 | D:1      | 827 ||| READING scroll labelled QOLYWYM WOOTO.
   986 | D:2      | 986 ||| DROPPING +0 club.
  1083 | D:2      | HP: 4/23 [worm (9)]
  1234 | D:2      | Reached XP level 4. HP: 28/28 MP: 4/4
  1338 | D:2      | 1338 ||| Stepping ~*~*~tactically~*~*~ (hiding).
  1413 | D:2      | 1413 ||| Stepping ~*~*~tactically~*~*~ (stealth).
  1570 | D:2      | 1570 ||| READING scroll labelled KYSAST PUAHI.
  2171 | D:3      | 2171 ||| DROPPING +6 ring of intelligence.
  2172 | D:3      | 2172 ||| UPGRADING to +5 ring of evasion.
  2173 | D:3      | 2173 ||| READING scroll labelled KODOM KOPNI.
  2174 | D:3      | 2174 ||| DRINKING 2 murky cyan potions.
  2175 | D:3      | 2175 ||| DRINKING 2 amethyst potions.
  2224 | D:4      | Found a shimmering blue altar of Sif Muna.
  2267 | D:4      | Reached skill level 4 in Axes
  2499 | D:4      | Found a radiant altar of Vehumet.
  2559 | D:4      | Reached XP level 5. HP: 31/32 MP: 5/5
  2884 | D:4      | Noticed Edmund
  2896 | D:4      | HP: 3/32 [Edmund/+2 flail of protection (10)]
  2898 | D:4      | HP: 1/32 [Edmund/+2 flail of protection (3)]
  2903 | D:4      | Slain by Edmund

Levels and vault maps discovered:
D:1:      amcnicky_arrival_flooded_fountain, layout_basic, hex_medium,
          chequers_serial_rivers_small_3
D:2:      layout_loops_ring
D:3:      layout_basic
D:4:      layout_loops_corners, vehumet_crystals, mainiacjoe_overflow_alcove_1,
          uniq_edmund

Skill      XL: |  1  2  3  4 |
---------------+-------------+-----
Axes           | 2 3 4 |  4.9
Fighting       | |  3.2
Armour         | |  3.2
Shields        | |  3.2

Action                     |  1- 3 |  4- 6 || total
---------------------------+-------+-------++-------
  Melee: War axe           |    77 |   103 ||   180
    Use: Scroll            |     4 |     2 ||     6
         Potion            |       |     2 ||     2
 Armour: Scale mail        |    18 |       ||    18
         Plate armour      |    15 |    63 ||    78
  Dodge: Dodged            |    23 |    35 ||    58
  Block: Buckler           |    12 |    23 ||    35

Table legend:
 A = Non-vault XP
 B = Vault XP
 C = Vault XP percentage of total XP
 D = Non-vault monster count
 E = Vault monster count
 F = Vault count percentage of total count
                 A         B        C        D         E       F
            +---------+---------+-------+---------+---------+-------
      Total |     221 |       0 |   0.0 |      59 |       0 |   0.0
            +---------+---------+-------+---------+---------+-------
        D:1 |      37 |       0 |   0.0 |      22 |       0 |   0.0
        D:2 |      56 |       0 |   0.0 |      18 |       0 |   0.0
        D:3 |       4 |       0 |   0.0 |       3 |       0 |   0.0
        D:4 |     124 |       0 |   0.0 |      16 |       0 |   0.0
            +---------+---------+-------+---------+---------+-------
